 Dungeon Crawl Stone Soup version 0.24-a0-134-gd0b080c8eb (webtiles) character file.

Game seed: 2953487169173395570

98457 iamqerjio the Peltast (level 16, -1/102 HPs)
             Began as an Octopode Chaos Knight on Feb 28, 2019.
             Was the Champion of Makhleb.
             Slain by an orc warrior
             ... wielding a cursed -3 flail
             ... led by an orc knight
              (9 damage)
             ... while paralysed by an orc sorcerer
             ... on level 1 of the Orcish Mines.
             The game lasted 01:16:59 (32065 turns).

iamqerjio the Peltast (Octopode Chaos Knight)      Turns: 32065, Time: 01:17:00

Health: -1/102     AC: 10    Str: 14 (16) XL:     16   Next: 22%
Magic:  0/25       EV:  2    Int: 25 (26) God:    Makhleb [******]
Gold:   1603       SH:  0    Dex: 17      Spells: 10/27 levels left

rFire    . . .     SeeInvis .   V - +6 flail
rCold    . . .     Gourm    .   U - +0 large shield of Ori Suock {Str+4}
rNeg     . . .     Faith    .   H - +2 hat
rPois    +         Spirit   +   q - amulet of guardian spirit
rElec    .         Reflect  .   f - +6 ring of intelligence
rCorr    .         Harm     .   h - ring of stealth
MR       +....     Clarity  +   M - +3 ring of protection
Stlth    +++++.....             p - ring of stealth
HPRegen  0.27/turn              l - ring of wizardry
MPRegen  0.19/turn              G - +5 ring of intelligence
                                W - ring of poison resistance
                                P - ring of wizardry

@: paralysed
A: almost no armour, stealthy swim, amphibious, 8 rings, constrict 8, icy blue
scales 1, iridescent scales 1, camouflage 1, clarity, frail 1, gelatinous body 1
a: Minor Destruction, Lesser Servant of Makhleb, Major Destruction, Greater
Servant of Makhleb, Renounce Religion


You were on level 1 of the Orcish Mines.
You worshipped Makhleb.
Makhleb was exalted by your worship.
You were not hungry.

You visited 3 branches of the dungeon, and saw 23 of its levels.

You collected 1603 gold pieces.

Inventory:

Hand Weapons
 n - the +8 flail "Killer Klown's Doom" {flame, rElec Int+3 Stlth+, unknown}
   (You found it on level 6 of the Lair of Beasts)

   It has been specially enchanted to burn those struck by it, causing extra
   injury to most foes and up to half again as much damage against particularly
   susceptible opponents.
   It affects your intelligence (+3).
   It insulates you from electricity.
   It makes you more stealthy.
 s - a +0 blowgun
 F - a +4 flail of freezing
 I - a +0 broad axe
 V - a +6 flail (weapon)
Missiles
 O - 2 curare-tipped needles
Armour
 H - a +2 hat (worn)
 U - the +0 large shield of Ori Suock (worn) {Str+4}
   (You found it on level 11 of the Dungeon)

   It affects your strength (+4).
Magical Staves
 L - an uncursed staff of cold
Jewellery
 a - an uncursed ring of fire {unknown}
 f - a +6 ring of intelligence (left tentacle)
 h - a ring of stealth (right tentacle)
 l - a ring of wizardry (on tentacle)
 p - a ring of stealth (on tentacle)
 q - an amulet of guardian spirit (around mantle)
 z - an uncursed ring of resist corrosion
 G - a +5 ring of intelligence (on tentacle)
 M - a +3 ring of protection (on tentacle)
 P - a ring of wizardry (on tentacle)
 W - a ring of poison resistance (on tentacle)
Wands
 o - a wand of iceblast (2)
 w - a wand of polymorph (7)
 A - a wand of paralysis (7)
 E - a wand of flame (30)
Scrolls
 g - 2 scrolls of enchant weapon
 i - 2 scrolls of enchant armour
 j - 6 scrolls of magic mapping
 t - a scroll of brand weapon {unknown}
 y - 2 scrolls of amnesia {unknown}
 B - 3 scrolls of blinking
 C - 3 scrolls of teleportation {@r3}
 K - a scroll of summoning {unknown}
 T - 2 scrolls of holy word {unknown}
 X - 2 scrolls of silence {unknown}
 Y - a scroll of acquirement {unknown}
Potions
 c - 2 potions of agility
 d - 9 potions of curing {@q1}
 e - 7 potions of heal wounds
 k - a potion of ambrosia {unknown}
 m - 2 potions of resistance
 r - 4 potions of lignification
 u - a potion of berserk rage
 v - a potion of magic
 D - a potion of experience {unknown}
 J - 4 potions of might
 Q - a potion of flight {unknown}
 R - 3 potions of invisibility
 Z - 3 potions of brilliance
Miscellaneous
 x - 2 phantom mirrors
Comestibles
 b - 23 rations


   Skills:
 - Level 12.0 Fighting
   Level 3.0(3.1) Short Blades
   Level 1.2(2.3) Long Blades
 - Level 11.2 Maces & Flails
 - Level 11.1 Dodging
 - Level 2.0 Stealth
 * Level 17.3 Shields
 - Level 6.0 Spellcasting
 - Level 1.0 Conjurations
 - Level 2.0 Hexes
 - Level 2.0 Charms
 - Level 5.0 Necromancy
 - Level 4.0 Air Magic
 - Level 1.0 Poison Magic
 - Level 3.0 Invocations
 - Level 2.0 Evocations


You had 10 spell levels left.
You knew the following spells:

 Your Spells              Type           Power        Failure   Level  Hunger
a - Regeneration          Chrm/Necr      ####......   4%          3    None
b - Shroud of Golubria    Chrm/Tloc      ##........   5%          2    None
c - Animate Skeleton      Necr           N/A          1%          1    None
d - Confusing Touch       Hex            ###...       2%          1    None
e - Apportation           Tloc           #.....       5%          1    None
f - Mephitic Cloud        Conj/Pois/Air  ###.....     7%          3    None
g - Blink                 Tloc           N/A          9%          2    None
h - Animate Dead          Necr           N/A          7%          4    ###....

Your spell library contained the following spells:

 Spells                   Type           Power        Failure   Level  Hunger
 Pain                     Necr           ####         1%          1    None
 Infusion                 Chrm           ###.         2%          1    None
 Vampiric Draining        Necr           ####......   2%          3    None
 Magic Dart               Conj           ##..         3%          1    None
 Slow                     Hex            ###.....     3%          2    None
 Song of Slaying          Chrm           ###.....     3%          2    None
 Beastly Appendage        Tmut           #.....       5%          1    None
 Summon Small Mammal      Summ           #...         5%          1    None
 Searing Ray              Conj           ##....       5%          2    None
 Spectral Weapon          Hex/Chrm       ###.....     7%          3    None
 Call Imp                 Summ           #.......     9%          2    None
 Sticks to Snakes         Tmut           #.......     9%          2    None
 Dazzling Spray           Conj/Hex       ###...       9%          3    None
 Conjure Flame            Conj/Fire      ##......     13%         3    None
 Spider Form              Tmut/Pois      ##........   13%         3    None
 Cause Fear               Hex            ###.......   22%         4    ###....
 Fulminant Prism          Conj/Hex       ###.......   26%         4    ###....
 Iskenderun's Mystic Bla  Conj           ##......     32%         4    ###....
 Force Lance              Conj/Tloc      ##......     36%         4    ###....
 Silence                  Hex/Air        ###.......   36%         5    #####..
 Ice Form                 Ice/Tmut       #.......     43%         4    ###....
 Yara's Violent Unravell  Hex/Tmut       ##........   63%         5    #####..
 Blade Hands              Tmut           #.........   77%         5    #####..
 Deflect Missiles         Chrm/Air       ###.......   88%         6    ######.
 Discord                  Hex            ###.......   100%        8    #######


Dungeon Overview and Level Annotations

Branches:
Dungeon (15/15)            Temple (0/1) D:4            Lair (6/6) D:11
  Swamp (0/4) Lair:4        Snake (0/4) Lair:4        Slime (0/5) Lair:6
    Orc (2/2) D:9             Elf (0/3) Orc:2        Vaults (0/5) D:13
 Depths (0/5) D:15

Altars:
Dithmenos
Gozag
Makhleb
Ru
Jiyva

Annotations:
Lair:2 1 exclusion


Innate Abilities, Weirdness & Mutations

You cannot wear most types of armour.
You are very stealthy in the water. (Stealth+)
You are amphibious.
You can wear up to eight rings at the same time.
You can use your tentacles to constrict eight enemies at once.
Your skin changes colour to match your surroundings (Stealth+).
Your rubbery body absorbs attacks. (AC +1, EV +1)
You are partially covered in icy blue scales. (AC +2)
You are partially covered in iridescent scales. (AC +2)
You possess an exceptional clarity of mind.
You are frail. (-10% HP)


Message History

The orc warrior hits you with a +0 battleaxe!
The orc warrior hits you with a +0 war axe!
* * * LOW HITPOINT WARNING * * *
The orc warrior hits your orc warrior zombie with a +0 war axe!
The orc warrior closely misses your orc knight zombie.
The orc warrior hits you with a cursed -3 flail!
* * * LOW HITPOINT WARNING * * *
Your orc knight zombie hits the orc warrior with a +1 battleaxe of chopping. x2
Your orc warrior zombie barely misses the orc warrior.
Your orc warrior zombie closely misses the orc warrior.
The orc warrior hits your orc knight zombie with a +0 battleaxe!!
The orc warrior hits you with a +0 battleaxe!
* * * LOW HITPOINT WARNING * * *
The orc warrior closely misses your orc knight zombie.
The orc warrior hits your orc warrior zombie with a +0 war axe!
Your orc warrior zombie is destroyed!
The orc warrior hits you with a +0 war axe.
* * * LOW HITPOINT WARNING * * *
The orc warrior hits you with a cursed -3 flail!
You die...

#.............)........#
#..................#..##
#...................#.##
##..[...<#.............#
##....................#
##.#............#.....##
#....................##
#......)o.............#
#......o@o...........##
##.....[Z)...##.....##
#...##...#).####.....##
##.##...[#### #...#...#
####....## ##.##...#
#......# #####.##
##..#.## ### ######


You could see 3 orc warriors and a friendly orc knight zombie.

Vanquished Creatures
  Nessos (D:12)
  Josephine (D:13)
  An ogre mage (D:15)
  A rakshasa (D:15)
  2 vault guards (D:13)
  12 hydras
  2 catoblepae
  5 centaur warriors
  2 death yaks (Lair:6)
  11 two-headed ogres
  Urug (D:12)
  A death knight (D:14)
  A sun demon (Orc:1)
  2 orc knights
  An unseen horror (D:15)
  A lindwurm (Lair:2)
  A harpy (shapeshifter) (D:14)
  2 deep elf magi
  8 ugly things (D:15)
  A manticore (D:12)
  7 cyclopes
  9 elephants
  3 molten gargoyles (Lair:6)
  2 gargoyles
  A torpor snail (Lair:6)
  6 black mambas
  15 spiny frogs
  6 centaur skeletons
  A spiny frog (shapeshifter) (D:14)
  5 kobold demonologists
  9 komodo dragons
  A rime drake (Lair:6)
  5 trolls
  3 meliai (D:15)
  Grinder (D:4)
  6 slime creatures
  A hornet (D:13)
  3 bog bodies (Lair:4)
  12 dream sheep
  9 hippogriffs
  A meliai zombie (D:12)
  4 wyverns
  3 shadows
  49 yaks
  9 humans (D:13)
  3 vampires
  4 wraiths
  4 basilisks
  Menkaure (D:7)
  4 steam dragons
  A hungry ghost (D:11)
  4 nagas (Lair:4)
  4 wargs
  2 soldier ants
  A swamp worm (Lair:4)
  An acid dragon (D:15)
  5 hell hounds (Lair:6)
  13 water moccasins
  8 sky beasts
  7 porcupines
  6 ice beasts
  6 black bears
  17 orc warriors
  A hornet zombie (D:13)
  A necrophage (D:7)
  2 phantoms
  An eye of draining (D:14)
  8 wolves
  10 centaurs
  16 crocodiles
  11 ogres
  26 bullfrogs
  3 wyvern skeletons
  3 scorpions
  9 killer bees
  6 howler monkeys
  13 wights
  2 lava snakes (Lair:6)
  3 centaur zombies
  5 crimson imps
  6 hounds
  3 bullfrog skeletons
  6 orc priests
  23 orc wizards
  A quasit (D:10)
  6 jellies
  Crazy Yiuf (D:6)
  2 iguanas
  7 worker ants
  2 hound zombies
  A hound skeleton (D:8)
  A worker ant zombie (D:5)
  8 gnolls
  19 adders
  4 river rats (Lair:5)
  6 shadow imps
  7 oozes
  3 adder zombies
  3 adder skeletons
  2 worms (D:3)
  3 dart slugs
  3 leopard geckos
  62 orcs
  9 giant cockroaches
  7 goblins
  6 hobgoblins
  6 jackals
  3 quokkas
  6 bats
  6 frilled lizards
  A jackal skeleton (D:4)
  14 kobolds
  2 leopard gecko zombies
  10 rats
688 creatures vanquished.

Vanquished Creatures (collateral kills)
  Rupert (Lair:6)
  A fire dragon (Lair:6)
  2 hydras
  A two-headed ogre (D:11)
  4 death yaks (Lair:6)
  A lindwurm (Lair:6)
  An orc sorcerer (Orc:1)
  5 ugly things
  A black mamba (Lair:6)
  An elephant (Lair:4)
  A centaur zombie (D:11)
  A spiny frog (Lair:4)
  A torpor snail (Lair:6)
  A rime drake (Lair:6)
  3 komodo dragons (Lair:6)
  2 freezing wraiths (D:15)
  2 polar bears
  A slime creature (Lair:6)
  2 hippogriffs
  A wyvern (Lair:6)
  2 wraiths
  9 yaks
  2 basilisks
  A warg (Orc:2)
  A water moccasin (Lair:1)
  A porcupine (D:11)
  A black bear (Lair:4)
  2 orc warriors
  A centaur (D:13)
  A wolf (Lair:6)
  3 crocodiles
  A bullfrog (Lair:1)
  An electric eel (Lair:4)
  An orc priest (Orc:1)
  2 hell rats (Lair:5)
  6 river rats (Lair:5)
  4 orcs (Orc:1)
  A kobold (D:13)
  A rat (Lair:5)
  A fungus (D:11)
  2 plants
77 creatures vanquished.

Vanquished Creatures (others)
  A shadow (D:14)
  A human (D:13)
  A hobgoblin (D:3)
  30 fungi
  18 plants
51 creatures vanquished.

Grand Total: 816 creatures vanquished

Notes
Turn   | Place    | Note
-------+----------+-------------------------------------------
     0 | D:1      | iamqerjio the Octopode Chaos Knight began the quest for the
                  | Orb.
     0 | D:1      | Reached XP level 1. HP: 16/16 MP: 1/1
    47 | D:1      | Reached skill level 1 in Stealth
   306 | D:1      | Reached XP level 2. HP: 21/21 MP: 2/2
   355 | D:1      | XOM: divination: detect creatures
   383 | D:1      | XOM: divination: detect items
   430 | D:1      | XOM: harmless Pois miscast
   473 | D:1      | HP: 1/21 [jackal (2)]
  1030 | D:1      | XOM: cloud trail
  1342 | D:1      | Reached XP level 3. HP: 25/26 MP: 3/3
  1646 | D:1      | XOM: scenery: 1 doors close
  1882 | D:2      | Found a sacrificial altar of Ru.
  1882 | D:2      | XOM: 4-stop teleportation journey
  1960 | D:2      | XOM: 1-stop teleportation journey
  1997 | D:2      | XOM: summons 1 hostile demon
  2192 | D:2      | Reached XP level 4. HP: 29/31 MP: 4/4
  2286 | D:2      | XOM: give mutations
  2286 | D:2      | Gained mutation: You are somewhat resistant to further
                  | mutation. [Xom's grace]
  2286 | D:2      | Gained mutation: You can translocate small distances at
                  | will. [Xom's grace]
  2286 | D:2      | Lost mutation: You are somewhat resistant to further
                  | mutation. [Xom's grace]
  2286 | D:2      | Gained mutation: You evolve. [Xom's grace]
  2286 | D:2      | Gained mutation: You possess an exceptional clarity of
                  | mind. [Xom's grace]
  2416 | D:2      | XOM: scenery: 1 doors close
  2494 | D:2      | XOM: divination: detect creatures
  2526 | D:2      | Fell from the grace of Xom
  2526 | D:2      | Became a worshipper of Ru the Awakened
  2601 | D:2      | Gained mutation: You are partially covered in icy blue
                  | scales. (AC +2) [evolution]
  3026 | D:3      | Reached XP level 5. HP: 20/37 MP: 5/5
  3983 | D:3      | Reached skill level 5 in Dodging
  3992 | D:3      | Found a burning altar of Makhleb.
  3992 | D:3      | Noticed a balrug
  3995 | D:3      | Noticed a neqoxec
  3995 | D:3      | Noticed a neqoxec
  4208 | D:3      | Fell from the grace of Ru
  4208 | D:3      | Became a worshipper of Makhleb the Destroyer
  4259 | D:4      | Reached XP level 6. HP: 39/43 MP: 6/6
  4283 | D:4      | Gained mutation: Your system is resistant to poisons.
                  | (rPois) [evolution]
  4386 | D:4      | Noticed Grinder
  4391 | D:4      | Killed Grinder
  4391 | D:4      | Reached skill level 5 in Fighting
  4391 | D:4      | Reached XP level 7. HP: 35/50 MP: 7/7
  4482 | D:4      | XOM: mild Summ miscast
  4498 | D:4      | XOM: severe Conj miscast
  4653 | D:4      | XOM: blink monster(s)
  4758 | D:4      | XOM: medium Air miscast
  4880 | D:4      | XOM: give mutations
  4880 | D:4      | Gained mutation: You are frail. (-10% HP) [Xom's mischief]
  4985 | D:4      | Gained mutation: You are partially covered in iridescent
                  | scales. (AC +2) [evolution]
  5124 | D:4      | XOM: severe Hex miscast
  5141 | D:4      | Gained mutation: You are very frail. (-20% HP) [mutagenic
                  | glow]
  5226 | D:4      | Found a staircase to the Ecumenical Temple.
  5359 | D:5      | Entered Level 5 of the Dungeon
  5594 | D:5      | Noticed a hippogriff
  5614 | D:5      | Killed a hippogriff
  5614 | D:5      | Reached skill level 1 in Evocations
  5614 | D:5      | Reached XP level 8. HP: 36/44 MP: 7/9
  5704 | D:5      | Reached * piety under Makhleb
  5984 | D:5      | XOM: polymorph orc -> adder
  6217 | D:4      | Lost mutation: You evolve. [end of evolution]
  6397 | D:5      | XOM: repel stairs
  6838 | D:6      | Reached XP level 9. HP: 41/51 MP: 6/10
  7231 | D:6      | Reached ** piety under Makhleb
  7556 | D:6      | XOM: god gift: 29 bolts
  7563 | D:6      | Found a shadowy altar of Dithmenos.
  7794 | D:6      | XOM: give mutations
  7794 | D:6      | Lost mutation: Your system is resistant to poisons. (rPois)
                  | [Xom's mischief]
  7794 | D:6      | Lost mutation: You are very frail. (-20% HP) [Xom's
                  | mischief]
  7794 | D:6      | Lost mutation: You can translocate small distances at will.
                  | [Xom's mischief]
  7846 | D:6      | Found a runed translucent door.
  7847 | D:6      | Noticed Crazy Yiuf
  7854 | D:6      | Killed Crazy Yiuf
  8167 | D:7      | XOM: 1-stop teleportation journey
  8238 | D:7      | Reached skill level 10 in Fighting
  8328 | D:7      | Reached skill level 1 in Invocations
  8408 | D:7      | Reached XP level 10. HP: 68/68 MP: 9/12
  8419 | D:7      | Reached *** piety under Makhleb
  8660 | D:6      | XOM: mild Tmut miscast
  8728 | D:7      | XOM: noise
  8770 | D:7      | Noticed Menkaure
  8777 | D:7      | Killed Menkaure
  8777 | D:7      | Reached skill level 10 in Dodging
  9170 | D:7      | XOM: god gift: 17 gold pieces
  9317 | D:7      | Learned a level 3 spell: Regeneration
  9320 | D:7      | Learned a level 2 spell: Shroud of Golubria
  9764 | D:8      | Noticed a two-headed ogre
  9779 | D:8      | Killed a two-headed ogre
  9788 | D:8      | XOM: noise
  9791 | D:8      | Got a sparkling tin amulet
 10086 | D:8      | Identified the amulet "Qapniaf" {Harm *Drain rElec MR-
                  | Int+3} (You found it on level 8 of the Dungeon)
 10133 | D:9      | Reached skill level 1 in Spellcasting
 10147 | D:9      | Reached skill level 1 in Long Blades
 10157 | D:9      | Reached skill level 1 in Maces & Flails
 10264 | D:9      | XOM: mild Fire miscast
 10328 | D:9      | XOM: noise
 10516 | D:9      | Found a staircase to the Orcish Mines.
 10698 | D:10     | Entered Level 10 of the Dungeon
 10862 | D:10     | XOM: mild Fire miscast
 11234 | D:10     | Noticed a two-headed ogre
 11244 | D:10     | Killed a two-headed ogre
 11244 | D:10     | Reached XP level 11. HP: 49/72 MP: 8/14
 11576 | D:10     | XOM: silly message
 11587 | D:10     | Got a transparent hunting sling
 11670 | D:10     | Reached **** piety under Makhleb
 11757 | D:10     | XOM: harmless Fire miscast
 11757 | D:10     | Was forgiven by Xom
 12377 | D:11     | Learned a level 1 spell: Animate Skeleton
 12379 | D:11     | Learned a level 1 spell: Confusing Touch
 12381 | D:11     | Learned a level 1 spell: Apportation
 12435 | D:11     | Noticed a cyclops
 12446 | D:11     | Killed a cyclops
 12446 | D:11     | Reached skill level 1 in Hexes
 12446 | D:11     | Reached skill level 1 in Necromancy
 12481 | D:11     | Noticed a cyclops
 12497 | D:11     | Killed a cyclops
 12804 | D:11     | Noticed a two-headed ogre
 13152 | D:11     | Killed a two-headed ogre
 13203 | D:11     | Noticed a four-headed hydra
 13210 | D:11     | Killed a four-headed hydra
 13284 | D:11     | Found a staircase to the Lair.
 13685 | D:11     | Noticed a purple ugly thing
 13692 | D:11     | Killed a purple ugly thing
 14065 | D:11     | Got a scorched large shield
 14243 | Lair:1   | Entered Level 1 of the Lair of Beasts
 14387 | Lair:1   | Reached XP level 12. HP: 68/81 MP: 10/15
 14530 | Lair:1   | Reached ***** piety under Makhleb
 15581 | Lair:1   | Learned a level 3 spell: Mephitic Cloud
 15584 | Lair:1   | Learned a level 2 spell: Blink
 15593 | Lair:1   | Identified the +0 large shield of Ori Suock {Str+4} (You
                  | found it on level 11 of the Dungeon)
 15622 | Lair:1   | Reached skill level 1 in Shields
 15694 | Lair:1   | Reached skill level 10 in Maces & Flails
 15694 | Lair:1   | Reached skill level 2 in Shields
 15902 | Lair:2   | Reached skill level 3 in Shields
 17047 | Lair:3   | Noticed a catoblepas
 17111 | Lair:3   | Reached skill level 4 in Shields
 17440 | Lair:3   | Noticed a six-headed hydra
 17449 | Lair:3   | Killed a six-headed hydra
 17466 | Lair:3   | Noticed an eight-headed hydra
 17474 | Lair:3   | Killed an eight-headed hydra
 17626 | Lair:3   | Reached skill level 5 in Shields
 18324 | Lair:3   | Reached skill level 6 in Shields
 18584 | Lair:4   | Reached XP level 13. HP: 64/87 MP: 11/19
 18828 | Lair:4   | Found a staircase to the Snake Pit.
 19421 | D:12     | Reached skill level 7 in Shields
 19582 | D:12     | Identified the +2 hunting sling "Gihueb" {venom, rN++} (You
                  | found it on level 10 of the Dungeon)
 19652 | D:12     | Noticed Nessos
 19724 | D:11     | Reached skill level 1 in Air Magic
 19724 | D:11     | Reached skill level 1 in Poison Magic
 19876 | D:11     | Reached skill level 1 in Conjurations
 20078 | D:12     | Paralysed by Nessos for 2 turns
 20106 | D:12     | Killed Nessos
 20391 | D:12     | Noticed Urug
 20418 | D:12     | Killed Urug
 20418 | D:12     | Reached skill level 8 in Shields
 20773 | D:13     | Noticed Josephine
 20792 | D:13     | Killed Josephine
 21013 | D:13     | Reached skill level 9 in Shields
 21030 | D:13     | Reached skill level 5 in Spellcasting
 21220 | D:13     | Noticed a vault guard
 21249 | D:13     | Killed a vault guard
 21267 | D:13     | Noticed a vault guard
 21283 | D:13     | Killed a vault guard
 21342 | D:13     | Found a gate to the Vaults.
 21449 | D:13     | Reached skill level 10 in Shields
 21449 | D:13     | Reached XP level 14. HP: 92/92 MP: 20/22
 21795 | D:13     | Reached ****** piety under Makhleb
 22292 | D:14     | Reached skill level 11 in Shields
 22932 | D:14     | Learned a level 4 spell: Animate Dead
 22933 | D:15     | Entered Level 15 of the Dungeon
 23043 | D:15     | Reached skill level 1 in Charms
 23160 | D:15     | Reached skill level 12 in Shields
 23169 | D:15     | Paralysed by an ogre mage for 4 turns
 23289 | D:15     | Found an opulent altar of Gozag.
 24107 | D:14     | Reached skill level 13 in Shields
 24328 | D:15     | Reached skill level 5 in Necromancy
 24706 | D:15     | Reached XP level 15. HP: 97/97 MP: 19/24
 24855 | D:15     | Found a staircase to the Depths.
 24855 | D:15     | Noticed a frost giant
 24863 | D:15     | HP: 2/97 [frost giant/bolt of cold (50)]
 25948 | Lair:2   | Reached skill level 14 in Shields
 27032 | Lair:4   | Found a staircase to the Swamp.
 27721 | Lair:5   | Reached skill level 15 in Shields
 28741 | Lair:6   | Entered Level 6 of the Lair of Beasts
 29334 | Lair:6   | Reached skill level 16 in Shields
 29362 | Lair:6   | Noticed Rupert
 29535 | Lair:6   | Found a runed translucent door.
 29537 | Lair:6   | Found a viscous altar of Jiyva.
 29538 | Lair:6   | Found a staircase to the Slime Pits.
 29619 | Lair:6   | Killed Rupert
 29963 | Lair:6   | Found a large runed translucent door.
 30014 | Lair:6   | Reached XP level 16. HP: 33/102 MP: 6/25
 30332 | Lair:6   | Found a large runed translucent door.
 30609 | Lair:6   | Got a scorched flail
 30864 | Lair:6   | Reached skill level 17 in Shields
 31362 | Orc:1    | Entered Level 1 of the Orcish Mines
 31633 | Orc:2    | Entered Level 2 of the Orcish Mines
 31883 | Orc:2    | Found a staircase to the Elven Halls.
 32060 | Orc:1    | Paralysed by an orc sorcerer for 7 turns
 32065 | Orc:1    | Slain by an orc warrior

Levels and vault maps discovered:
D:1:      ncdulo_smallfort, layout_basic
D:2:      minmay_diamond_boxcup, layout_basic, grunt_decor_mini_mirrors,
          nicolae_ru_awakened_eye
D:3:      layout_basic, makhleb_altar_promises_db, serial_co_window_serial,
          co_window_paths_a, co_window_corner_a, co_window_corner_a,
          co_window_paths_b, co_window_corner_a, co_window_cross_4,
          co_window_cross_2, co_window_of_opportunity_b,
          co_window_of_opportunity_b, co_window_sun, glass_columns_b,
          glass_columns_c, glass_columns_c, glass_columns_a, glass_columns_a,
          first_ration, lemuel_another_geyser
D:4:      kennysheep_spiral_hall, layout_basic, minmay_temple_entry_junction,
          uniq_grinder
D:5:      layout_rooms
D:6:      layout_rooms, nicolae_dithmenos_the_darkroom, uniq_crazy_yiuf_cottage
D:7:      layout_loops_ring, uniq_menkaure
D:8:      layout_gridville, serial_glass, glass_columns_a, glass_columns_a
D:9:      layout_roguey, orc_0_dummy
D:10:     layout_cave_pods
D:11:     layout_loops_ring, grunt_lair_entry_orc_guard_hut
D:12:     layout_cave_pools, hangedman_little_slice_of_home, minmay_checkerbox,
          uniq_nessos, uniq_urug
D:13:     layout_gridville, ximxim_vaults_locker_room, uniq_josephine
D:14:     layout_rooms, minmay_misc_feat_doors
D:15:     grunt_enter_depths_snipers, layout_cave_pods,
          nicolae_gozag_seed_capital
Lair:1:   layout_hall_layers, serial_bayou_lagoon_a, grunt_megastairs_2
Lair:2:   layout_gridlike, minmay_lindwurm_lava, grunt_megastairs_5,
          infiniplex_staircase_pool_2
Lair:3:   layout_concentric_octagons
Lair:4:   layout_regular_city, nicolae_swamp_entry_splash_gauntlet,
          minmay_snake_entry_guardpost_small, beast_lair_carwin_4,
          lemuel_fruit_tree
Lair:5:   layout_hall_layers, chequers_serial_rivers_room_b, kennysheep_rathole
Lair:6:   cheibrodos_lair_end_hotspot, layout_hall_layers, slime_altar_2,
          uniq_rupert
Orc:1:    layout_caves, basic_altar
Orc:2:    pf_orc_diabolical, layout_caves, serial_shops, shop_statue

Skill      XL: |  1  2  3  4  5  6  7  8  9 10 11 12 13 14 15 16 |
---------------+-------------------------------------------------+-----
Stealth        | 2 |  2.0
Dodging        | 3 4 5 6 7 9 11 | 11.1
Fighting       | 4 5 7 10 11 12 | 12.0
Evocations     | 1 2 |  2.0
Invocations    | 2 3 |  3.0
Spellcasting   | 2 4 5 6 |  6.0
Long Blades    | 1 |  1.2
Maces & Flails | 6 8 10 11 | 11.2
Hexes          | 2 |  2.0
Necromancy     | 2 5 |  5.0
Shields        | 6 10 13 16 17 | 17.3
Air Magic      | 4 |  4.0
Poison Magic   | 1 |  1.0
Conjurations   | 1 |  1.0
Charms         | 2 |  2.0
Short Blades   | |  3.0

Action                   |  1- 3 |  4- 6 |  7- 9 | 10-12 | 13-15 | 16-18 || total
-------------------------+-------+-------+-------+-------+-------+-------++-------
Melee: Short sword       |    80 |   104 |   337 |   267 |       |       ||   788
       Constrict         |    17 |    33 |    73 |    81 |   131 |    28 ||   363
       Tentacles         |     8 |    21 |    83 |   197 |   448 |    51 ||   808
       Flail             |       |       |       |   588 |  1473 |   202 ||  2263
 Fire: Blowgun           |       |       |       |     5 |       |       ||     5
Throw: Tomahawk          |       |       |     2 |       |       |       ||     2
       Stone             |       |       |     1 |       |       |       ||     1
 Cast: Animate Skeleton  |       |       |       |    15 |    56 |    10 ||    81
       Regeneration      |       |       |       |       |     4 |       ||     4
       Blink             |       |       |       |       |     1 |     2 ||     3
       Animate Dead      |       |       |       |       |       |     5 ||     5
Invok: Reject Sacrifices |       |     1 |       |       |       |       ||     1
       Minor Destruction |       |       |       |    15 |    32 |       ||    47
       Lesser Servant of |       |       |       |     8 |    27 |     3 ||    38
Evoke: Wand              |       |     5 |     8 |    16 |    22 |       ||    51
       Phantom mirror    |       |       |       |       |     1 |       ||     1
  Use: Scroll            |       |     1 |    11 |     5 |    17 |     1 ||    35
       Potion            |       |       |       |     1 |     3 |     3 ||     7
 Stab: Sleeping          |     9 |     7 |     8 |    29 |    11 |     4 ||    68
       Distracted        |       |       |     1 |     1 |    11 |     1 ||    14
       Paralysed         |       |       |       |       |     9 |       ||     9
  Eat: Chunk             |     4 |     7 |    13 |    18 |    23 |       ||    65
       Ration            |       |       |       |     4 |     6 |     2 ||    12
Armor: Skin              |     2 |    10 |    59 |   157 |   187 |    25 ||   440
Dodge: Dodged            |    41 |    71 |   249 |   675 |   675 |   125 ||  1836
Block: Large shield      |       |       |       |   162 |  1269 |   250 ||  1681

Table legend:
 A = Non-vault XP
 B = Vault XP
 C = Vault XP percentage of total XP
 D = Non-vault monster count
 E = Vault monster count
 F = Vault count percentage of total count
                 A         B        C        D         E       F
            +---------+---------+-------+---------+---------+-------
      Total |  112416 |   28237 |  20.1 |     645 |     118 |  15.5
            +---------+---------+-------+---------+---------+-------
        D:1 |      37 |       0 |   0.0 |      21 |       0 |   0.0
        D:2 |      78 |      36 |  31.6 |      23 |       8 |  25.8
        D:3 |     163 |       0 |   0.0 |      27 |       0 |   0.0
        D:4 |     249 |     359 |  59.0 |      20 |       4 |  16.7
        D:5 |    1112 |       0 |   0.0 |      29 |       0 |   0.0
        D:6 |    1657 |      37 |   2.2 |      39 |       1 |   2.5
        D:7 |    1506 |     183 |  10.8 |      23 |       1 |   4.2
        D:8 |    1388 |       0 |   0.0 |      19 |       0 |   0.0
        D:9 |    1491 |       0 |   0.0 |      13 |       0 |   0.0
       D:10 |    2556 |       0 |   0.0 |      28 |       0 |   0.0
       D:11 |    8141 |     527 |   6.1 |      49 |       5 |   9.3
       D:12 |    3011 |    4294 |  58.8 |      15 |      15 |  50.0
       D:13 |    9223 |    5285 |  36.4 |      35 |      15 |  30.0
       D:14 |    8650 |       0 |   0.0 |      39 |       0 |   0.0
       D:15 |   24376 |     929 |   3.7 |      61 |       1 |   1.6
     Lair:1 |    5797 |     483 |   7.7 |      29 |       2 |   6.5
     Lair:2 |    1538 |     718 |  31.8 |       7 |       2 |  22.2
     Lair:3 |    7472 |       0 |   0.0 |      28 |       0 |   0.0
     Lair:4 |    8032 |    3362 |  29.5 |      29 |      14 |  32.6
     Lair:5 |    8580 |     129 |   1.5 |      36 |      13 |  26.5
     Lair:6 |   14384 |   10283 |  41.7 |      44 |      30 |  40.5
      Orc:1 |    1711 |    1612 |  48.5 |      19 |       7 |  26.9
      Orc:2 |    1264 |       0 |   0.0 |      12 |       0 |   0.0
            +---------+---------+-------+---------+---------+-------
